 Dungeon Crawl Stone Soup version 0.20-a0-864-g92acfd1 (webtiles) character file.

1242 nikopol the Magician (level 8, -3/41 HPs)
             Began as a Deep Elf Fire Elementalist on Mar 12, 2017.
             Was a Believer of Vehumet.
             Slain by Duvessa
             ... wielding a +0 short sword
              (9 damage)
             ... on level 7 of the Dungeon.
             The game lasted 00:34:17 (7279 turns).

nikopol the Magician (Deep Elf Fire Elementalist)   Turns: 7279, Time: 00:34:18

Health: -3/41      AC:  4    Str:  5    XL:     8   Next: 25%
Magic:  6/20       EV: 16    Int: 27    God:    Vehumet [**....]
Gold:   276        SH:  0    Dex: 15    Spells: 8/20 levels left

rFire    . . .     SeeInvis +   E - +9 short sword "Wapsis" {protect, rC+ Int+4}
rCold    + . .     Gourm    .   a - +0 robe
rNeg     . . .     Faith    .   (no shield)
rPois    .         Spirit   .   (no helmet)
rElec    .         Reflect  .   v - +0 cloak
rCorr    .         Harm     .   t - +0 pair of gloves
MR       .....                  (no boots)
Stlth    +++.......             (no amulet)
Regen    0.2/turn               y - ring of see invisible
MPRegen  0.2/turn               z - ring of wizardry

@: no status effects
A: no striking features
a: Renounce Religion


You were on level 7 of the Dungeon.
You worshipped Vehumet.
Vehumet was pleased with you.
You were very hungry.

You visited 1 branch of the dungeon, and saw 7 of its levels.

You collected 276 gold pieces.

Inventory:

Hand Weapons
 l - a +1 whip
 E - the +9 short sword "Wapsis" (weapon) {protect, rC+ Int+4}
   (You found it on level 6 of the Dungeon)

   It protects the one who uses it against injury (+AC on strike).
   It affects your intelligence (+4).
   It protects you from cold.
Missiles
 q - 94 stones (quivered)
Armour
 a - a +0 robe (worn)
 t - a +0 pair of gloves (worn)
 v - a +0 cloak (worn)
Jewellery
 f - an uncursed amulet of faith {unknown}
 y - a ring of see invisible (right hand)
 z - a ring of wizardry (left hand)
 D - an uncursed amulet of faith {unknown}
 I - an uncursed ring of positive energy {unknown}
Wands
 x - a wand of iceblast (13/15)
 F - a wand of lightning (4/15)
Scrolls
 e - 2 scrolls of remove curse {unknown}
 g - 3 scrolls of enchant weapon
 h - 3 scrolls of recharging
 j - 2 scrolls of immolation {unknown}
 p - 3 scrolls of fear {unknown}
 s - a scroll of amnesia {unknown}
 u - a scroll of magic mapping {unknown}
 G - a scroll of enchant armour {unknown}
Potions
 k - 2 potions of might {unknown}
 m - a potion of magic {unknown}
 n - 6 potions of curing
 o - 2 potions of agility {unknown}
 r - a potion of berserk rage {unknown}
 w - a potion of resistance {unknown}
 B - a potion of heal wounds {unknown}
 C - a potion of mutation {unknown}
 H - a potion of flight {unknown}
Books
 b - a book of Flames

   Spells                             Type                      Level
   a - Flame Tongue                   Conjuration/Fire             1
   b - Throw Flame                    Conjuration/Fire             2
   c - Conjure Flame                  Conjuration/Fire             3
   d - Inner Flame                    Hexes/Fire                   3
   e - Sticky Flame                   Conjuration/Fire             4
   f - Fireball                       Conjuration/Fire             5
Comestibles
 c - 7 bread rations
 d - 3 royal jellies
 i - 4 meat rations
 A - 6 fruits


   Skills:
 + Level 6.6 Dodging
 - Level 4.1 Stealth
 + Level 6.8 Spellcasting
 + Level 5.1 Conjurations
 + Level 5.9 Fire Magic


You had 8 spell levels left.
You knew the following spells:

 Your Spells              Type           Power        Failure   Level  Hunger
a - Flame Tongue          Conj/Fire      #####        1%          1    None
b - Throw Flame           Conj/Fire      #####.       1%          2    None
c - Conjure Flame         Conj/Fire      #####...     1%          3    None
d - Fireball              Conj/Fire      #####.....   9%          5    #####..
e - Sandblast             Erth           #.....       3%          1    None


Dungeon Overview and Level Annotations

Branches:
Dungeon (7/15)             Temple (0/1) D:4

Altars:
Ashenzari
Elyvilon
Kikubaaqudgha
Makhleb
Okawaru
Trog
Uskayaw
Vehumet
Wu Jian
Xom
Yredelemnul
The Shining One

Annotations:
D:7 Duvessa


Message History

Duvessa hits you with a short sword!
Duvessa rages.
A howler monkey comes into view.
Duvessa hits you with a short sword!
The howler monkey hoots and howls with incredible vigour!
You don't have the energy to cast that spell.
You don't have the energy to cast that spell.
You eat one of the 7 fruits.
You are feeling very hungry.
Mmm - a full handful of raspberries!
Duvessa hits you with a short sword!
* * * LOW HITPOINT WARNING * * *
Casting: Fireball
Confirm with . or Enter, or press ? or * to list all spells.
Aiming: Flame Tongue
Press: ? - help, Shift-Dir - straight line, f/p - Duvessa
Aim: Duvessa, wielding a short sword and wearing a ring mail (heavily wounded, berserk, fast, unusually strong)
The flame tongue hits Duvessa.
Duvessa is severely wounded.
Duvessa hits you with a short sword!
You die...

#### ..# #.# #########
#.###.......# #######
#..e@....##.###...(..
#######..#####.##.##...####
####...h.h..# #.##.......#
.....h<....># #..#.##....#
.##...###...#
#..#.###.#<### #.) ##(.#
#............. ... #....
.....#####.### ...
..###........ #.# # .# ###
....... #.###


You could see Duvessa (berserk) and 2 howler monkeys.

Vanquished Creatures
  Menkaure (D:6)
  A black bear (D:6)
  A phantom (D:4)
  An ogre (D:6)
  A bullfrog (D:6)
  Dowan (D:7)
  A crimson imp (D:5)
  A howler monkey (D:5)
  Crazy Yiuf (D:7)
  4 hounds
  A centaur skeleton (D:6)
  A gnoll shaman (D:4)
  3 orc priests
  2 iguanas (D:5)
  An orc wizard (D:6)
  A worker ant (D:5)
  A worker ant zombie (D:5)
  Robin (D:2)
  4 gnolls
  8 adders
  2 river rats (D:4)
  2 shadow imps
  An ooze (D:4)
  3 adder skeletons
  2 worms (D:3)
  5 leopard geckos
  9 orcs
  4 ball pythons
  2 giant cockroaches (D:4)
  17 goblins
  7 hobgoblins
  11 jackals
  3 kobolds
  2 quokkas (D:6)
  7 bats
  A frilled lizard (D:1)
  A giant cockroach zombie (D:5)
  8 rats
123 creatures vanquished.

Notes
Turn   | Place    | Note
-------+----------+-------------------------------------------
     0 | D:1      | nikopol the Deep Elf Fire Elementalist began the quest for the Orb.
     0 | D:1      | Reached XP level 1. HP: 10/10 MP: 6/6
   263 | D:1      | Reached XP level 2. HP: 15/15 MP: 6/8
  1021 | D:2      | Learned a level 2 spell: Throw Flame
  1088 | D:2      | Found a glowing golden altar of the Shining One.
  1121 | D:2      | You fall through a shaft for 2 floors!
  1152 | D:3      | Reached XP level 3. HP: 13/19 MP: 5/10
  1341 | D:2      | Noticed Robin
  1847 | D:2      | Killed Robin
  1848 | D:2      | Reached XP level 4. HP: 17/24 MP: 3/11
  2520 | D:2      | Found a faded altar of an unknown god.
  3021 | D:3      | Reached XP level 5. HP: 28/28 MP: 10/13
  3028 | D:3      | Learned a level 5 spell: Fireball
  3149 | D:3      | Found an ornate altar of the Wu Jian Council.
  3150 | D:3      | Found a shattered altar of Ashenzari.
  3154 | D:3      | Found a radiant altar of Vehumet.
  3155 | D:3      | Found a burning altar of Makhleb.
  3160 | D:3      | Became a worshipper of Vehumet
  3221 | D:3      | Found a shimmering altar of Xom.
  3222 | D:3      | Found a shimmering altar of Xom.
  3228 | D:3      | Found a shimmering altar of Xom.
  3229 | D:3      | Found a shimmering altar of Xom.
  3229 | D:3      | Found a shimmering altar of Xom.
  3229 | D:3      | Found a shimmering altar of Xom.
  3231 | D:3      | Found a shimmering altar of Xom.
  3258 | D:3      | You fall through a shaft!
  3550 | D:4      | Noticed a phantom
  3554 | D:4      | Found a staircase to the Ecumenical Temple.
  3838 | D:4      | Killed a phantom
  4034 | D:4      | Reached XP level 6. HP: 29/32 MP: 7/15
  4469 | D:4      | Reached skill level 5 in Spellcasting
  4552 | D:5      | Entered Level 5 of the Dungeon
  4659 | D:5      | Found a basalt altar of Yredelemnul.
  4890 | D:5      | Reached * piety under Vehumet
  4890 | D:5      | Offered knowledge of Sandblast by Vehumet.
  4893 | D:5      | Learned a level 1 spell: Sandblast
  5028 | D:5      | Reached skill level 5 in Dodging
  5125 | D:5      | Found an iron altar of Okawaru.
  5144 | D:5      | Reached XP level 7. HP: 36/36 MP: 6/17
  5311 | D:5      | Learned a level 3 spell: Conjure Flame
  5839 | D:5      | Reached skill level 5 in Fire Magic
  6209 | D:6      | Noticed Menkaure
  6210 | D:6      | Killed Menkaure
  6327 | D:6      | Found a white marble altar of Elyvilon.
  6333 | D:6      | Got a scorched short sword
  6334 | D:6      | Identified the +9 short sword "Wapsis" {protect, rC+ Int+4} (You found it on level 6 of the Dungeon)
  6341 | D:6      | Found a hide-covered altar of Uskayaw.
  6348 | D:6      | Found a shimmering altar of Xom.
  6592 | D:6      | Found a bloodstained altar of Trog.
  6593 | D:6      | Offered knowledge of Magic Dart by Vehumet.
  6595 | D:6      | Reached ** piety under Vehumet
  6616 | D:6      | Reached XP level 8. HP: 35/41 MP: 6/19
  6885 | D:6      | Reached skill level 5 in Conjurations
  7060 | D:6      | Found an ancient bone altar of Kikubaaqudgha.
  7205 | D:7      | Found a runed door.
  7209 | D:7      | Noticed Crazy Yiuf
  7210 | D:7      | Killed Crazy Yiuf
  7268 | D:7      | Noticed Dowan
  7270 | D:7      | Killed Dowan
  7271 | D:7      | Noticed Duvessa
  7279 | D:7      | Slain by Duvessa

Vault maps used:
D:1:      minmay_arrival_doors
D:2:      lemuel_round_altar, chequers_ecumenical_altar_grove,
          minmay_joined_circles, uniq_robin
D:3:      kennysheep_six_static_rooms, minitemple, first_bread, serial_glass,
          glass_columns_c, glass_columns_c, xom_redecorated, uniq_grinder
D:4:      minmay_temple_entry_statues_fountains, portal_sewer_entry_e,
          hangedman_decor_lopped, serial_park_tiny_pond
D:5:      nicolae_overflow_crystal_walls, okawaru_gym_becter,
          eino_small_chamber_without_monster
D:6:      lemuel_coloured_pillars_altar, grunt_temple_overflow_open,
          basic_altar, uniq_menkaure
D:7:      serial_bayou, serial_bayou_ford_a, serial_bayou_shore_b,
          serial_bayou_lake_a, serial_bayou_pond_c, minmay_hedge_maze,
          uniq_crazy_yiuf_cottage, uniq_duvessa

Skill      XL: |  1  2  3  4  5  6  7  8 |
---------------+-------------------------+-----
Dodging        | 3 4 5 6 |  6.6
Stealth        | 3 4 |  4.1
Conjurations   | 2 3 4 5 |  5.1
Spellcasting   | 4 5 6 |  6.8
Fire Magic     | 4 5 |  5.9

Action                   |  1- 3 |  4- 6 |  7- 9 || total
-------------------------+-------+-------+-------++-------
Melee: Whip              |     1 |     1 |     8 ||    10
 Cast: Flame Tongue      |    55 |   141 |    49 ||   245
       Throw Flame       |     2 |     6 |    24 ||    32
       Sandblast         |       |     6 |       ||     6
       Fireball          |       |       |    12 ||    12
Evoke: Wand              |       |       |     1 ||     1
  Use: Scroll            |       |     4 |     3 ||     7
  Eat: Chunk             |     2 |    11 |     7 ||    20
       Fruit             |       |       |     1 ||     1
Armor: Robe              |     9 |     7 |     7 ||    23
Dodge: Dodged            |    27 |    45 |    24 ||    96
